[ AOE2 MATCH · #478777451 ]
UnrankedCelts vs Britons
[ REPLAY ANALYSIS · EXTRACTED FROM THE RECORDED GAME ]
Feudal
12:55
Castle
19:49
Imperial
30:13
| APM avg | 23.9 |
| APM peak | 61 |
| eAPM avg | 14.7 |
| Villagers / military | 128 / 211 |
Focus
⚔️ 21.8% · 🌾 78.2%
Woad Raider ×161 · Scorpion ×30 · Mangonel ×16 · Trebuchet (Packed) ×3 · Monk ×1
Feudal
13:06
Castle
18:06
Imperial
33:10
| APM avg | 21.9 |
| APM peak | 50 |
| eAPM avg | 12.5 |
| Villagers / military | 173 / 188 |
Focus
⚔️ 29.9% · 🌾 70.1%
Longbowman ×150 · Spearman ×25 · Trade Cart ×20 · Trebuchet (Packed) ×11 · Monk ×1 · Mangonel ×1
Feudal
12:33
Castle
19:48
Imperial
32:10
| APM avg | 15.5 |
| APM peak | 34 |
| eAPM avg | 12.9 |
| Villagers / military | 116 / 320 |
Focus
⚔️ 29.5% · 🌾 70.5%
Scout Cavalry ×185 · Ballista Elephant ×109 · Spearman ×24 · Trade Cart ×11 · Trebuchet (Packed) ×2
Feudal
13:59
Castle
18:11
Imperial
36:06
| APM avg | 27.7 |
| APM peak | 59 |
| eAPM avg | 21.3 |
| Villagers / military | 111 / 199 |
Focus
⚔️ 24.7% · 🌾 75.3%
Knight ×134 · Scorpion ×61 · Trade Cart ×7 · Mangonel ×3 · Monk ×1
Feudal
10:07
Castle
14:28
Imperial
35:48
| APM avg | 31.1 |
| APM peak | 172 |
| eAPM avg | 19.8 |
| Villagers / military | 158 / 197 |
Focus
⚔️ 15.4% · 🌾 84.6%
Mangudai ×190 · Trade Cart ×48 · Trebuchet (Packed) ×5 · Monk ×2
Feudal
12:41
Castle
16:43
Imperial
34:07
| APM avg | 24.7 |
| APM peak | 66 |
| eAPM avg | 16.1 |
| Villagers / military | 162 / 416 |
Focus
⚔️ 30.8% · 🌾 69.2%
Scout Cavalry ×151 · Skirmisher ×140 · Hand Cannoneer ×97 · Spearman ×20 · Trade Cart ×9 · Bombard Cannon ×5
Feudal
—
Castle
—
Imperial
—
| APM avg | 21.4 |
| APM peak | 57 |
| eAPM avg | 18.1 |
| Villagers / military | 200 / 446 |
Focus
⚔️ 34.3% · 🌾 65.7%
Spearman ×285 · Archer ×70 · Trebuchet (Packed) ×54 · War Elephant ×31 · Monk ×4 · Mangonel ×2
Feudal
11:41
Castle
17:04
Imperial
33:53
| APM avg | 22.7 |
| APM peak | 158 |
| eAPM avg | 17.0 |
| Villagers / military | 128 / 251 |
Focus
⚔️ 38.8% · 🌾 61.2%
Camel Scout ×151 · Camel Archer ×43 · Knight ×34 · Trade Cart ×20 · Genitour ×19 · Hand Cannoneer ×2
Match map
Initial resources + every placement click. Lines = walls · curves = elevation contours. ◆ gold · ⬟ stone · ● berries · ✦ relic · ◌ wall gap
Your base· ✓ Closed at 19:49 · 0t walls · no gate
The Outpost Man's base· ✓ Closed at 18:06 · 27t walls · 2 gate(s)
shutianchen's base· ✓ Closed at 19:48 · 29t walls · no gate
little4's base· ✓ Closed at 18:11 · 52t walls · no gate
b02303133's base· ✓ Closed at 14:28 · 0t walls · no gate
Lamlam's base· ✓ Closed at 16:43 · 34t walls · no gate
Philippe6390's base· ✓ Closed at 14:16 · 11t walls · 1 gate(s)
Shadow Wolf's base· ✓ Closed at 17:04 · 15t walls · no gate
Smoothed initial terrain · ◌ = detected wall gap · hover for details
Inputs per minute
— Founias - - The Outpost Man
Build order — Founias
First 150 of 378 actions detected
| 0:03 | Build | House |
| 0:04 | Create | Villager (Male) |
| 0:04 | Create | Villager (Male) |
| 0:05 | Create | Villager (Male) |
| 0:05 | Create | Villager (Male) |
| 0:09 | Build | House |
| 1:31 | Create | Villager (Male) |
| 1:42 | Research | Loom |
| 1:42 | Create | Villager (Male) |
| 2:18 | Create | Villager (Male) |
| 2:18 | Create | Villager (Male) |
| 3:24 | Create | Villager (Male) |
| 3:25 | Create | Villager (Male) |
| 4:01 | Create | Villager (Male) |
| 4:01 | Create | Villager (Male) |
| 4:14 | Build | House |
| 5:55 | Create | Villager (Male) |
| 5:55 | Create | Villager (Male) |
| 5:56 | Create | Villager (Male) |
| 5:56 | Create | Villager (Male) |
| 5:56 | Create | Villager (Male) |
| 6:41 | Create | Villager (Male) |
| 8:15 | Build | House |
| 8:26 | Create | Villager (Male) |
| 8:41 | Build | Mill |
| 8:52 | Build | Mill |
| 9:05 | Create | Villager (Male) |
| 9:06 | Create | Villager (Male) |
| 9:24 | Create | Villager (Male) |
| 9:40 | Create | Villager (Male) |
| 10:04 | Build | Lumber Camp |
| 10:18 | Build | Lumber Camp |
| 10:41 | Research | Feudal Age |
| 11:40 | Build | Mill |
| 11:52 | Build | Barracks |
| 12:00 | Build | Mining Camp |
| 12:46 | Build | House |
| 12:48 | Build | House |
| 12:49 | Build | House |
| 12:55 | Age | Feudal Age |
| 12:59 | Research | Wheelbarrow |
| 13:03 | Create | Villager (Male) |
| 13:04 | Create | Villager (Male) |
| 13:27 | Build | Farm |
| 13:27 | Build | Farm |
| 13:28 | Build | Farm |
| 13:28 | Build | Farm |
| 13:30 | Research | Horse Collar |
| 13:33 | Research | Double-Bit Axe |
| 13:53 | Build | House |
| 13:54 | Build | House |
| 13:56 | Build | House |
| 13:56 | Build | House |
| 13:57 | Build | House |
| 14:22 | Build | House |
| 14:22 | Build | House |
| 14:43 | Build | House |
| 14:45 | Build | House |
| 14:46 | Build | House |
| 14:50 | Build | House |
| 14:53 | Create | Villager (Male) |
| 14:53 | Create | Villager (Male) |
| 14:53 | Create | Villager (Male) |
| 15:15 | Build | Blacksmith |
| 15:31 | Build | Market |
| 15:36 | Create | Villager (Male) |
| 16:03 | Build | Mining Camp |
| 16:12 | Create | Villager (Male) |
| 16:47 | Create | Villager (Male) |
| 16:59 | Research | Castle Age |
| 17:15 | Build | Farm |
| 17:21 | Build | Farm |
| 17:30 | Build | Farm |
| 17:32 | Build | Farm |
| 17:34 | Build | Farm |
| 17:34 | Build | Farm |
| 17:35 | Build | Farm |
| 17:36 | Build | Farm |
| 17:59 | Build | Farm |
| 17:59 | Build | Farm |
| 18:43 | Build | Farm |
| 18:43 | Build | Farm |
| 19:06 | Build | House |
| 19:14 | Build | House |
| 19:16 | Build | House |
| 19:17 | Build | House |
| 19:20 | Build | House |
| 19:33 | Create | Villager (Male) |
| 19:38 | Create | Villager (Male) |
| 19:49 | Age | Castle Age |
| 19:53 | Build | Town Center |
| 20:08 | Create | Villager (Male) |
| 20:17 | Build | Town Center |
| 20:21 | Create | Villager (Male) |
| 20:21 | Create | Villager (Male) |
| 21:12 | Create | Villager (Male) |
| 21:13 | Create | Villager (Male) |
| 21:15 | Create | Villager (Male) |
| 21:23 | Research | Hand Cart |
| 21:33 | Research | Heavy Plow |
| 21:34 | Research | Bow Saw |
| 21:44 | Create | Villager (Male) |
| 21:44 | Create | Villager (Male) |
| 21:57 | Build | Farm |
| 21:59 | Create | Villager (Male) |
| 22:07 | Create | Villager (Male) |
| 22:08 | Create | Villager (Male) |
| 22:09 | Create | Villager (Male) |
| 22:11 | Create | Villager (Male) |
| 22:20 | Build | Farm |
| 22:20 | Build | Farm |
| 22:21 | Build | Farm |
| 22:21 | Build | Farm |
| 22:21 | Build | Farm |
| 22:31 | Build | Farm |
| 22:32 | Build | Farm |
| 22:32 | Build | Farm |
| 22:39 | Create | Villager (Male) |
| 22:40 | Create | Villager (Male) |
| 22:41 | Create | Villager (Male) |
| 22:43 | Create | Villager (Male) |
| 23:18 | Create | Villager (Male) |
| 23:20 | Create | Villager (Male) |
| 23:20 | Create | Villager (Male) |
| 23:25 | Create | Villager (Male) |
| 23:26 | Create | Villager (Male) |
| 23:49 | Build | Siege Workshop |
| 24:04 | Build | Siege Workshop |
| 24:16 | Build | Monastery |
| 24:23 | Build | House |
| 24:24 | Build | House |
| 24:27 | Build | House |
| 24:33 | Create | Villager (Male) |
| 24:34 | Create | Villager (Male) |
| 24:34 | Create | Villager (Male) |
| 24:36 | Create | Villager (Male) |
| 24:37 | Create | Villager (Male) |
| 24:38 | Create | Villager (Male) |
| 24:39 | Create | Villager (Male) |
| 24:39 | Create | Villager (Male) |
| 24:41 | Create | Villager (Male) |
| 24:46 | Create | Mangonel |
| 25:06 | Create | Villager (Male) |
| 25:07 | Create | Villager (Male) |
| 25:07 | Create | Villager (Male) |
| 25:18 | Research | Gold Mining |
| 25:21 | Research | Stone Mining |
| 25:34 | Build | House |
| 25:38 | Build | House |
| 25:39 | Build | House |
Build order — The Outpost Man
First 150 of 290 actions detected
| 0:02 | Create | Villager (Male) ×4 |
| 0:02 | Create | Villager (Male) ×4 |
| 0:04 | Build | House |
| 0:05 | Build | House |
| 0:25 | Research | Loom |
| 0:26 | Create | Villager (Male) ×3 |
| 0:26 | Create | Villager (Male) ×3 |
| 1:00 | Build | Palisade Wall |
| 1:58 | Build | Palisade Gate |
| 2:07 | Create | Villager (Male) |
| 2:07 | Create | Villager (Male) |
| 2:26 | Create | Villager (Male) |
| 2:27 | Create | Villager (Male) |
| 2:51 | Build | House |
| 3:00 | Build | House |
| 3:01 | Create | Villager (Male) |
| 3:02 | Create | Villager (Male) |
| 3:16 | Create | Villager (Male) |
| 3:16 | Create | Villager (Male) |
| 3:30 | Create | Villager (Male) |
| 3:30 | Create | Villager (Male) |
| 3:36 | Build | House |
| 3:52 | Create | Villager (Male) |
| 3:52 | Create | Villager (Male) |
| 4:05 | Create | Villager (Male) |
| 4:05 | Create | Villager (Male) |
| 4:09 | Build | House |
| 4:37 | Create | Villager (Male) |
| 4:38 | Create | Villager (Male) |
| 4:52 | Create | Villager (Male) ×2 |
| 4:53 | Create | Villager (Male) ×2 |
| 5:35 | Build | Lumber Camp |
| 5:42 | Create | Villager (Male) |
| 5:43 | Create | Villager (Male) |
| 6:29 | Create | Villager (Male) |
| 6:30 | Create | Villager (Male) |
| 6:51 | Create | Villager (Male) ×4 |
| 6:52 | Create | Villager (Male) ×4 |
| 7:12 | Create | Villager (Male) |
| 7:33 | Build | Mill |
| 8:49 | Build | Mill |
| 8:55 | Create | Villager (Male) ×5 |
| 9:32 | Build | Mining Camp |
| 9:47 | Build | Mining Camp |
| 10:42 | Build | Mining Camp |
| 10:48 | Research | Feudal Age |
| 10:52 | Create | Villager (Male) |
| 10:52 | Create | Villager (Male) |
| 13:06 | Age | Feudal Age |
| 13:18 | Research | Double-Bit Axe |
| 13:42 | Build | Stone Wall |
| 13:48 | Build | Gate |
| 13:54 | Create | Villager (Male) |
| 14:29 | Create | Villager (Male) |
| 14:29 | Create | Villager (Male) |
| 14:37 | Build | Market |
| 14:42 | Build | Blacksmith |
| 14:44 | Research | Horse Collar |
| 15:07 | Research | Gold Mining |
| 15:26 | Research | Castle Age |
| 15:27 | Research | Castle Age |
| 15:47 | Build | Lumber Camp |
| 15:56 | Build | Lumber Camp |
| 16:10 | Research | Stone Mining |
| 16:15 | Research | Stone Mining |
| 17:13 | Research | Wheelbarrow |
| 18:06 | Age | Castle Age |
| 18:11 | Build | Town Center |
| 18:18 | Build | Town Center |
| 18:23 | Build | Siege Workshop |
| 18:35 | Build | Monastery |
| 18:58 | Research | Heavy Plow |
| 19:02 | Research | Bow Saw |
| 19:02 | Research | Bow Saw |
| 19:11 | Build | House |
| 19:12 | Build | House |
| 19:13 | Build | House |
| 19:14 | Build | House |
| 19:16 | Build | House |
| 19:17 | Build | House |
| 19:18 | Build | House |
| 19:34 | Build | Farm |
| 19:35 | Build | Farm |
| 19:36 | Build | Farm |
| 19:46 | Build | Farm |
| 19:49 | Build | Farm |
| 19:50 | Build | Farm |
| 19:56 | Create | Monk |
| 20:39 | Build | House |
| 20:39 | Build | House |
| 20:40 | Build | House |
| 20:41 | Build | House |
| 21:05 | Build | Castle |
| 21:08 | Build | Mining Camp |
| 21:11 | Create | Mangonel |
| 21:23 | Create | Villager (Male) ×2 |
| 21:23 | Create | Villager (Male) ×2 |
| 21:30 | Create | Villager (Male) |
| 21:35 | Build | Farm |
| 21:38 | Build | Farm |
| 21:45 | Build | Farm |
| 21:46 | Build | Farm |
| 21:48 | Build | Farm |
| 21:49 | Build | Farm |
| 21:51 | Build | Farm |
| 21:53 | Build | Farm |
| 21:54 | Build | Farm |
| 21:59 | Build | Farm |
| 22:05 | Build | Farm |
| 22:09 | Build | Farm |
| 22:12 | Build | Farm |
| 22:27 | Build | Farm |
| 22:29 | Build | Farm |
| 22:35 | Build | Farm |
| 22:36 | Create | Villager (Male) ×3 |
| 22:36 | Create | Villager (Male) ×3 |
| 22:37 | Create | Villager (Male) ×3 |
| 22:39 | Create | Villager (Male) |
| 22:40 | Create | Villager (Male) |
| 23:04 | Build | Farm |
| 23:06 | Build | Farm |
| 23:13 | Build | Farm |
| 23:14 | Create | Villager (Male) ×3 |
| 23:14 | Create | Villager (Male) ×3 |
| 23:17 | Create | Villager (Male) |
| 23:17 | Create | Villager (Male) |
| 23:23 | Create | Villager (Male) |
| 23:23 | Create | Villager (Male) |
| 23:53 | Create | Villager (Male) ×4 |
| 23:53 | Create | Villager (Male) ×4 |
| 23:54 | Create | Villager (Male) |
| 24:01 | Create | Villager (Male) |
| 24:02 | Create | Villager (Male) |
| 24:08 | Build | Town Center |
| 24:17 | Create | Villager (Male) ×2 |
| 24:17 | Create | Villager (Male) ×2 |
| 24:21 | Create | Longbowman ×5 |
| 24:21 | Create | Longbowman ×5 |
| 24:22 | Create | Longbowman ×5 |
| 24:24 | Create | Villager (Male) ×2 |
| 24:25 | Create | Villager (Male) ×2 |
| 24:40 | Build | House |
| 24:41 | Build | House |
| 24:42 | Build | House |
| 24:44 | Build | House |
| 24:47 | Create | Villager (Male) ×4 |
| 24:47 | Create | Villager (Male) ×4 |
| 24:48 | Create | Villager (Male) ×4 |
| 25:49 | Create | Villager (Male) ×5 |
| 25:49 | Create | Villager (Male) ×5 |
Build order — shutianchen
First 150 of 420 actions detected
| 0:02 | Create | Villager (Male) |
| 0:03 | Create | Villager (Male) |
| 0:03 | Create | Villager (Male) |
| 0:03 | Create | Villager (Male) |
| 0:03 | Create | Villager (Male) |
| 0:08 | Research | Loom |
| 0:09 | Create | Villager (Male) |
| 0:09 | Create | Villager (Male) |
| 0:09 | Create | Villager (Male) |
| 0:11 | Build | House |
| 0:12 | Build | House |
| 0:16 | Build | House |
| 0:53 | Build | Palisade Wall |
| 1:54 | Build | Palisade Wall |
| 2:44 | Create | Villager (Male) |
| 2:44 | Create | Villager (Male) |
| 3:11 | Create | Villager (Male) |
| 3:12 | Create | Villager (Male) |
| 3:44 | Create | Villager (Male) |
| 4:12 | Create | Villager (Male) |
| 4:12 | Create | Villager (Male) |
| 4:54 | Create | Villager (Male) |
| 5:38 | Create | Villager (Male) |
| 5:58 | Create | Villager (Male) |
| 5:58 | Create | Villager (Male) |
| 5:58 | Create | Villager (Male) |
| 6:49 | Create | Villager (Male) |
| 7:17 | Build | Lumber Camp |
| 7:20 | Create | Villager (Male) |
| 7:29 | Create | Villager (Male) |
| 7:30 | Create | Villager (Male) |
| 7:30 | Create | Villager (Male) |
| 7:30 | Create | Villager (Male) |
| 7:30 | Create | Villager (Male) |
| 8:36 | Build | House |
| 9:48 | Build | Mill |
| 9:50 | Research | Feudal Age |
| 10:47 | Build | House |
| 10:48 | Build | House |
| 10:57 | Create | Villager (Male) |
| 10:57 | Create | Villager (Male) |
| 10:58 | Create | Villager (Male) |
| 10:58 | Create | Villager (Male) |
| 11:49 | Create | Villager (Male) |
| 11:49 | Create | Villager (Male) |
| 12:23 | Build | Mining Camp |
| 12:33 | Age | Feudal Age |
| 12:48 | Build | Mill |
| 13:09 | Build | Stone Wall |
| 13:27 | Build | Stone Wall |
| 14:15 | Create | Villager (Male) |
| 14:16 | Create | Villager (Male) |
| 14:16 | Create | Villager (Male) |
| 14:16 | Create | Villager (Male) |
| 14:17 | Create | Villager (Male) |
| 14:17 | Create | Villager (Male) |
| 16:35 | Research | Castle Age |
| 16:46 | Build | House |
| 16:47 | Build | House |
| 16:48 | Build | House |
| 17:17 | Build | Farm |
| 17:17 | Build | Farm |
| 17:18 | Build | Farm |
| 17:18 | Build | Farm |
| 17:18 | Build | Farm |
| 17:18 | Build | Farm |
| 17:19 | Build | Farm |
| 17:20 | Build | Farm |
| 17:29 | Research | Horse Collar |
| 17:55 | Build | Mining Camp |
| 18:44 | Build | Mill |
| 18:55 | Build | House |
| 18:57 | Build | House |
| 19:00 | Build | House |
| 19:05 | Research | Double-Bit Axe |
| 19:10 | Research | Stone Mining |
| 19:10 | Research | Gold Mining |
| 19:13 | Create | Villager (Male) |
| 19:13 | Create | Villager (Male) |
| 19:14 | Create | Villager (Male) |
| 19:14 | Create | Villager (Male) |
| 19:48 | Age | Castle Age |
| 20:04 | Build | Town Center |
| 21:03 | Build | Town Center |
| 21:11 | Create | Villager (Male) |
| 21:12 | Create | Villager (Male) |
| 21:25 | Create | Villager (Male) |
| 21:25 | Create | Villager (Male) |
| 21:25 | Create | Villager (Male) |
| 21:26 | Create | Villager (Male) |
| 21:26 | Create | Villager (Male) |
| 21:26 | Create | Villager (Male) |
| 21:26 | Create | Villager (Male) |
| 21:27 | Create | Villager (Male) |
| 21:27 | Create | Villager (Male) |
| 21:27 | Create | Villager (Male) |
| 21:27 | Create | Villager (Male) |
| 22:11 | Create | Villager (Male) |
| 22:13 | Research | Bow Saw |
| 22:32 | Research | Heavy Plow |
| 23:00 | Build | Farm |
| 23:00 | Build | Farm |
| 23:00 | Build | Farm |
| 23:01 | Build | Farm |
| 23:01 | Build | Farm |
| 23:01 | Build | Farm |
| 23:01 | Build | Farm |
| 23:02 | Build | Farm |
| 23:02 | Build | Farm |
| 23:11 | Create | Villager (Male) |
| 23:11 | Create | Villager (Male) |
| 23:12 | Create | Villager (Male) |
| 23:19 | Build | Farm |
| 23:19 | Build | Farm |
| 23:20 | Build | Farm |
| 23:20 | Build | Farm |
| 23:20 | Build | Farm |
| 23:27 | Create | Villager (Male) |
| 23:27 | Create | Villager (Male) |
| 23:52 | Create | Villager (Male) |
| 23:52 | Create | Villager (Male) |
| 23:52 | Create | Villager (Male) |
| 23:53 | Create | Villager (Male) |
| 23:53 | Create | Villager (Male) |
| 23:53 | Create | Villager (Male) |
| 23:56 | Create | Villager (Male) |
| 23:56 | Create | Villager (Male) |
| 24:01 | Build | Farm |
| 24:01 | Build | Farm |
| 24:01 | Build | Farm |
| 24:02 | Build | Farm |
| 24:02 | Build | Farm |
| 24:02 | Build | Farm |
| 24:02 | Build | Farm |
| 24:03 | Build | Farm |
| 24:03 | Build | Farm |
| 24:03 | Build | Farm |
| 24:40 | Create | Villager (Male) |
| 24:40 | Create | Villager (Male) |
| 24:41 | Create | Villager (Male) |
| 24:41 | Create | Villager (Male) |
| 24:41 | Create | Villager (Male) |
| 24:42 | Create | Villager (Male) |
| 24:42 | Create | Villager (Male) |
| 24:53 | Build | Farm |
| 24:54 | Build | Farm |
| 24:54 | Build | Farm |
| 24:54 | Build | Farm |
| 24:54 | Build | Farm |
| 24:55 | Build | Farm |
Build order — little4
First 150 of 434 actions detected
| 0:02 | Create | Villager (Male) |
| 0:05 | Build | House |
| 0:07 | Build | House |
| 0:35 | Create | Villager (Male) |
| 0:45 | Create | Villager (Male) |
| 0:52 | Research | Loom |
| 0:58 | Create | Villager (Male) |
| 1:07 | Create | Villager (Male) |
| 1:56 | Create | Villager (Male) |
| 2:21 | Build | Palisade Wall |
| 2:31 | Build | Palisade Wall |
| 2:45 | Build | Palisade Wall |
| 3:02 | Create | Villager (Male) |
| 3:02 | Create | Villager (Male) |
| 3:43 | Create | Villager (Male) |
| 3:51 | Build | Lumber Camp |
| 4:17 | Create | Villager (Male) |
| 4:41 | Create | Villager (Male) |
| 5:08 | Build | House |
| 5:22 | Create | Villager (Male) |
| 5:32 | Build | House |
| 6:24 | Create | Villager (Male) |
| 6:25 | Create | Villager (Male) |
| 6:47 | Build | House |
| 6:48 | Build | House |
| 6:50 | Build | House |
| 6:54 | Create | Villager (Male) |
| 6:54 | Create | Villager (Male) |
| 7:06 | Create | Villager (Male) |
| 7:06 | Create | Villager (Male) |
| 7:45 | Build | Mill |
| 7:55 | Create | Villager (Male) |
| 8:16 | Create | Villager (Male) |
| 8:29 | Create | Villager (Male) |
| 8:29 | Create | Villager (Male) |
| 8:42 | Create | Villager (Male) |
| 9:27 | Create | Villager (Male) |
| 9:35 | Create | Villager (Male) |
| 9:54 | Create | Villager (Male) |
| 10:02 | Build | Mill |
| 10:10 | Create | Villager (Male) |
| 10:10 | Create | Villager (Male) |
| 10:14 | Create | Villager (Male) |
| 10:23 | Create | Villager (Male) |
| 10:43 | Build | Mining Camp |
| 10:52 | Create | Villager (Male) |
| 11:24 | Research | Feudal Age |
| 12:16 | Build | Lumber Camp |
| 12:32 | Create | Villager (Male) |
| 12:33 | Create | Villager (Male) |
| 13:59 | Age | Feudal Age |
| 14:06 | Build | Stone Wall |
| 14:15 | Build | Stone Wall |
| 14:41 | Build | Market |
| 14:48 | Build | Blacksmith |
| 15:00 | Create | Villager (Male) |
| 15:31 | Research | Castle Age |
| 15:37 | Build | Mining Camp |
| 16:03 | Build | Stone Wall |
| 16:11 | Research | Double-Bit Axe |
| 16:38 | Research | Horse Collar |
| 16:41 | Research | Stone Mining |
| 17:28 | Create | Villager (Male) |
| 18:11 | Age | Castle Age |
| 18:16 | Build | Siege Workshop |
| 18:47 | Build | Town Center |
| 18:55 | Create | Villager (Male) |
| 18:55 | Create | Villager (Male) |
| 19:05 | Create | Mangonel |
| 19:16 | Create | Villager (Male) |
| 19:16 | Create | Villager (Male) |
| 19:36 | Build | Stone Wall |
| 19:43 | Build | Town Center |
| 19:49 | Create | Villager (Male) |
| 19:55 | Build | Farm |
| 19:58 | Create | Villager (Male) |
| 19:58 | Create | Villager (Male) |
| 20:01 | Build | Farm |
| 20:13 | Create | Villager (Male) |
| 20:14 | Create | Villager (Male) |
| 20:14 | Create | Villager (Male) |
| 20:19 | Create | Villager (Male) |
| 20:22 | Build | Farm |
| 20:29 | Create | Villager (Male) |
| 20:47 | Build | House |
| 20:49 | Build | House |
| 20:50 | Build | House |
| 21:01 | Build | House |
| 21:03 | Build | House |
| 21:03 | Build | House |
| 21:25 | Build | House |
| 21:38 | Build | Farm |
| 21:45 | Build | Farm |
| 21:46 | Build | Farm |
| 21:47 | Build | Farm |
| 21:49 | Build | Farm |
| 21:50 | Build | Farm |
| 21:51 | Build | Farm |
| 21:55 | Build | Farm |
| 21:55 | Build | Farm |
| 22:02 | Create | Villager (Male) |
| 22:08 | Build | Farm |
| 22:17 | Build | Farm |
| 22:20 | Build | Farm |
| 22:24 | Create | Villager (Male) |
| 22:37 | Build | Monastery |
| 22:45 | Build | University |
| 22:47 | Create | Villager (Male) |
| 22:55 | Build | Siege Workshop |
| 22:57 | Create | Mangonel |
| 23:06 | Create | Villager (Male) |
| 23:06 | Create | Villager (Male) |
| 23:10 | Build | House |
| 23:11 | Build | House |
| 23:12 | Build | House |
| 23:14 | Build | House |
| 23:25 | Create | Villager (Male) |
| 23:25 | Create | Villager (Male) |
| 23:26 | Create | Villager (Male) |
| 23:29 | Build | Farm |
| 23:44 | Create | Mangonel |
| 23:51 | Create | Villager (Male) |
| 23:51 | Create | Villager (Male) |
| 23:55 | Build | Farm |
| 24:00 | Build | Farm |
| 24:02 | Build | Farm |
| 24:04 | Create | Villager (Male) |
| 24:33 | Build | Stone Wall |
| 24:40 | Create | Scorpion |
| 24:40 | Create | Scorpion |
| 24:41 | Create | Villager (Male) |
| 24:42 | Create | Villager (Male) |
| 24:42 | Create | Villager (Male) |
| 24:57 | Build | Mining Camp |
| 25:04 | Create | Villager (Male) |
| 25:07 | Create | Villager (Male) |
| 25:15 | Build | Lumber Camp |
| 25:21 | Create | Villager (Male) |
| 25:21 | Create | Villager (Male) |
| 26:11 | Create | Villager (Male) |
| 26:11 | Create | Villager (Male) |
| 26:11 | Create | Villager (Male) |
| 26:12 | Create | Villager (Male) |
| 26:21 | Build | Mill |
| 26:23 | Build | Farm |
| 26:24 | Build | Farm |
| 26:25 | Build | Farm |
| 26:27 | Build | Farm |
| 26:28 | Build | Farm |
| 26:30 | Build | Farm |
Build order — b02303133
First 150 of 399 actions detected
| 0:01 | Create | Villager (Male) |
| 0:02 | Create | Villager (Male) |
| 0:02 | Create | Villager (Male) |
| 0:02 | Create | Villager (Male) |
| 0:02 | Create | Villager (Male) |
| 0:03 | Build | House |
| 0:05 | Build | House |
| 1:33 | Create | Villager (Male) |
| 2:03 | Create | Villager (Male) |
| 2:03 | Create | Villager (Male) |
| 2:20 | Create | Villager (Male) |
| 2:21 | Create | Villager (Male) |
| 2:47 | Create | Villager (Male) |
| 3:06 | Build | Mill |
| 3:09 | Create | Villager (Male) |
| 3:09 | Create | Villager (Male) |
| 3:38 | Create | Villager (Male) |
| 3:38 | Create | Villager (Male) |
| 3:55 | Build | Lumber Camp |
| 4:00 | Create | Villager (Male) |
| 4:09 | Build | House |
| 4:10 | Build | House |
| 4:27 | Create | Villager (Male) |
| 4:56 | Create | Villager (Male) |
| 5:20 | Create | Villager (Male) |
| 5:46 | Create | Villager (Male) |
| 5:47 | Create | Villager (Male) |
| 6:30 | Create | Villager (Male) |
| 7:06 | Create | Villager (Male) |
| 7:27 | Create | Villager (Male) |
| 7:48 | Research | Feudal Age |
| 8:16 | Build | Mill |
| 8:33 | Build | House |
| 8:34 | Build | House |
| 9:33 | Build | Mining Camp |
| 9:51 | Create | Villager (Male) |
| 9:52 | Create | Villager (Male) |
| 10:07 | Age | Feudal Age |
| 10:10 | Build | Blacksmith |
| 10:41 | Create | Villager (Male) |
| 11:02 | Build | Market |
| 11:13 | Create | Villager (Male) |
| 11:48 | Research | Castle Age |
| 12:20 | Research | Double-Bit Axe |
| 13:09 | Build | Barracks |
| 14:04 | Build | Farm |
| 14:05 | Build | Farm |
| 14:15 | Build | House |
| 14:17 | Build | House |
| 14:28 | Age | Castle Age |
| 14:36 | Build | Town Center |
| 14:42 | Build | Monastery |
| 14:48 | Create | Villager (Male) |
| 14:48 | Create | Villager (Male) |
| 14:49 | Create | Villager (Male) |
| 15:17 | Build | Farm |
| 15:30 | Create | Monk |
| 15:42 | Build | Farm |
| 15:43 | Create | Villager (Male) |
| 15:56 | Create | Villager (Male) |
| 15:57 | Create | Villager (Male) |
| 16:02 | Build | Farm |
| 16:09 | Build | Farm |
| 16:13 | Build | Farm |
| 16:19 | Build | Farm |
| 16:22 | Create | Villager (Male) |
| 16:26 | Build | Farm |
| 16:31 | Build | Farm |
| 16:39 | Create | Villager (Male) |
| 16:53 | Create | Monk |
| 16:58 | Build | Farm |
| 17:01 | Create | Villager (Male) |
| 17:06 | Build | Farm |
| 17:16 | Build | Farm |
| 17:18 | Create | Villager (Male) |
| 17:30 | Create | Villager (Male) |
| 17:33 | Build | Farm |
| 17:43 | Create | Villager (Male) |
| 17:46 | Build | Farm |
| 17:58 | Create | Villager (Male) |
| 18:00 | Build | Farm |
| 18:11 | Create | Villager (Male) |
| 18:13 | Build | Farm |
| 18:20 | Create | Villager (Male) |
| 18:25 | Create | Villager (Male) |
| 18:26 | Build | Farm |
| 18:32 | Create | Villager (Male) |
| 18:42 | Build | Farm |
| 18:50 | Build | Town Center |
| 18:53 | Create | Villager (Male) |
| 18:56 | Build | Farm |
| 18:58 | Create | Villager (Male) |
| 19:08 | Build | Farm |
| 19:10 | Create | Villager (Male) |
| 19:12 | Create | Villager (Male) |
| 19:26 | Build | Farm |
| 19:28 | Create | Villager (Male) |
| 19:38 | Build | House |
| 19:39 | Build | House |
| 19:40 | Build | House |
| 19:42 | Build | House |
| 19:43 | Build | House |
| 19:45 | Build | House |
| 19:50 | Build | Farm |
| 19:51 | Create | Villager (Male) |
| 19:51 | Create | Villager (Male) |
| 19:55 | Research | Wheelbarrow |
| 19:59 | Build | Farm |
| 20:01 | Create | Villager (Male) |
| 20:07 | Build | Farm |
| 20:10 | Create | Villager (Male) |
| 20:39 | Build | Farm |
| 20:40 | Create | Villager (Male) |
| 20:42 | Create | Villager (Male) |
| 20:45 | Create | Villager (Male) |
| 20:46 | Create | Villager (Male) |
| 20:46 | Create | Villager (Male) |
| 21:05 | Create | Villager (Male) |
| 21:07 | Build | Farm |
| 21:27 | Build | Farm |
| 21:29 | Create | Villager (Male) |
| 21:34 | Research | Stone Mining |
| 21:44 | Create | Villager (Male) |
| 21:47 | Build | House |
| 21:48 | Build | House |
| 21:49 | Build | House |
| 21:50 | Build | House |
| 21:55 | Build | Farm |
| 21:58 | Build | Farm |
| 21:59 | Create | Villager (Male) |
| 22:01 | Create | Villager (Male) |
| 22:05 | Build | Farm |
| 22:08 | Create | Villager (Male) |
| 22:12 | Create | Villager (Male) |
| 22:12 | Create | Villager (Male) |
| 22:12 | Create | Villager (Male) |
| 22:17 | Build | Town Center |
| 22:26 | Build | Farm |
| 22:29 | Create | Villager (Male) |
| 22:35 | Build | Farm |
| 22:38 | Create | Villager (Male) |
| 22:38 | Create | Villager (Male) |
| 22:40 | Create | Villager (Male) |
| 22:40 | Create | Villager (Male) |
| 22:43 | Create | Villager (Male) |
| 22:44 | Create | Villager (Male) |
| 22:54 | Build | Farm |
| 23:07 | Create | Villager (Male) |
| 23:08 | Create | Villager (Male) |
| 23:22 | Create | Villager (Male) |
Build order — Lamlam
First 150 of 433 actions detected
| 0:01 | Create | Villager (Male) |
| 0:02 | Create | Villager (Male) |
| 0:02 | Create | Villager (Male) |
| 0:02 | Create | Villager (Male) |
| 0:04 | Build | House |
| 0:06 | Build | House |
| 0:38 | Research | Loom |
| 1:21 | Create | Villager (Male) |
| 1:22 | Create | Villager (Male) |
| 1:22 | Create | Villager (Male) |
| 1:22 | Create | Villager (Male) |
| 2:01 | Create | Villager (Male) |
| 2:01 | Create | Villager (Male) |
| 2:02 | Create | Villager (Male) |
| 3:04 | Build | Palisade Wall |
| 3:06 | Create | Villager (Male) |
| 3:06 | Create | Villager (Male) |
| 3:06 | Create | Villager (Male) |
| 3:44 | Create | Villager (Male) |
| 3:44 | Create | Villager (Male) |
| 3:44 | Create | Villager (Male) |
| 3:44 | Create | Villager (Male) |
| 3:49 | Build | Lumber Camp |
| 3:59 | Build | Palisade Wall |
| 4:13 | Create | Villager (Male) |
| 4:13 | Create | Villager (Male) |
| 4:14 | Create | Villager (Male) |
| 4:48 | Build | Palisade Wall |
| 5:10 | Build | House |
| 5:11 | Create | Villager (Male) |
| 5:12 | Create | Villager (Male) |
| 5:12 | Create | Villager (Male) |
| 5:12 | Create | Villager (Male) |
| 5:34 | Build | House |
| 6:16 | Build | House |
| 6:24 | Create | Villager (Male) |
| 6:33 | Create | Villager (Male) |
| 6:51 | Build | Mining Camp |
| 7:27 | Create | Villager (Male) |
| 8:10 | Build | Mill |
| 8:16 | Create | Villager (Male) |
| 8:16 | Create | Villager (Male) |
| 8:33 | Create | Villager (Male) |
| 8:43 | Create | Villager (Male) |
| 9:02 | Create | Villager (Male) |
| 9:35 | Build | Mill |
| 10:31 | Research | Feudal Age |
| 10:31 | Research | Feudal Age |
| 12:41 | Age | Feudal Age |
| 12:45 | Create | Villager (Male) |
| 12:45 | Create | Villager (Male) |
| 12:58 | Build | Market |
| 13:05 | Build | Blacksmith |
| 13:18 | Create | Villager (Male) |
| 13:32 | Build | Stone Wall |
| 13:43 | Create | Villager (Male) |
| 14:03 | Research | Castle Age |
| 14:03 | Research | Castle Age |
| 14:06 | Build | Farm |
| 14:07 | Build | Farm |
| 14:12 | Research | Double-Bit Axe |
| 15:44 | Build | Farm |
| 16:04 | Create | Villager (Male) |
| 16:05 | Create | Villager (Male) |
| 16:16 | Build | Stone Wall |
| 16:38 | Build | House |
| 16:43 | Age | Castle Age |
| 17:00 | Build | Town Center |
| 17:13 | Build | Siege Workshop |
| 17:24 | Build | Farm |
| 17:28 | Build | Farm |
| 17:43 | Build | Stone Wall |
| 17:51 | Build | Farm |
| 17:57 | Build | Farm |
| 18:01 | Build | Farm |
| 18:27 | Create | Mangonel |
| 18:40 | Create | Villager (Male) |
| 18:40 | Create | Villager (Male) |
| 18:50 | Research | Bow Saw |
| 19:04 | Build | Stone Wall |
| 19:18 | Research | Wheelbarrow |
| 19:23 | Build | Farm |
| 19:30 | Build | Farm |
| 19:33 | Create | Villager (Male) |
| 19:33 | Create | Villager (Male) |
| 20:09 | Create | Villager (Male) |
| 20:09 | Create | Villager (Male) |
| 20:33 | Build | Town Center |
| 20:39 | Create | Villager (Male) |
| 20:40 | Create | Villager (Male) |
| 20:40 | Create | Villager (Male) |
| 21:01 | Build | Barracks |
| 21:04 | Create | Villager (Male) |
| 21:04 | Create | Villager (Male) |
| 21:04 | Create | Villager (Male) |
| 21:20 | Build | House |
| 21:22 | Build | House |
| 21:34 | Build | Farm |
| 21:37 | Build | Farm |
| 21:41 | Build | Farm |
| 21:48 | Build | Farm |
| 21:51 | Create | Villager (Male) |
| 21:51 | Create | Villager (Male) |
| 21:51 | Create | Villager (Male) |
| 21:52 | Research | Hand Cart |
| 21:59 | Create | Villager (Male) |
| 21:59 | Create | Villager (Male) |
| 21:59 | Create | Villager (Male) |
| 22:20 | Build | Archery Range |
| 22:26 | Create | Villager (Male) |
| 22:27 | Create | Villager (Male) |
| 22:27 | Create | Villager (Male) |
| 22:33 | Build | House |
| 22:34 | Build | House |
| 22:39 | Build | Farm |
| 22:43 | Research | Horse Collar |
| 23:00 | Create | Villager (Male) |
| 23:08 | Build | Town Center |
| 23:16 | Build | Farm |
| 23:17 | Build | Farm |
| 23:23 | Create | Villager (Male) |
| 23:23 | Create | Villager (Male) |
| 23:23 | Create | Villager (Male) |
| 23:25 | Create | Villager (Male) |
| 23:41 | Build | Farm |
| 23:45 | Build | Farm |
| 23:47 | Create | Villager (Male) |
| 23:47 | Create | Villager (Male) |
| 23:47 | Create | Villager (Male) |
| 23:49 | Research | Heavy Plow |
| 23:54 | Build | Farm |
| 23:55 | Build | Farm |
| 24:01 | Create | Villager (Male) |
| 24:12 | Build | Farm |
| 24:29 | Build | Farm |
| 24:31 | Build | Farm |
| 24:37 | Build | House |
| 24:40 | Build | Farm |
| 24:43 | Build | Farm |
| 24:47 | Build | Farm |
| 24:54 | Create | Villager (Male) |
| 24:54 | Create | Villager (Male) |
| 24:58 | Create | Villager (Male) |
| 25:01 | Build | Farm |
| 25:05 | Create | Villager (Male) |
| 25:06 | Create | Villager (Male) |
| 25:17 | Build | Farm |
| 25:18 | Build | Farm |
| 25:23 | Build | Farm |
| 25:26 | Build | Farm |
Build order — Philippe6390
First 150 of 547 actions detected
| 0:10 | Research | Loom |
| 0:10 | Create | Villager (Male) |
| 0:10 | Create | Villager (Male) |
| 0:11 | Create | Villager (Male) |
| 0:12 | Build | House |
| 0:17 | Create | Villager (Male) |
| 0:18 | Create | Villager (Male) |
| 0:18 | Create | Villager (Male) |
| 0:42 | Build | House |
| 1:14 | Build | House |
| 1:43 | Build | Palisade Wall |
| 2:07 | Build | Palisade Wall |
| 2:35 | Create | Villager (Male) |
| 2:35 | Create | Villager (Male) |
| 3:34 | Build | Palisade Wall |
| 3:48 | Create | Villager (Male) |
| 3:58 | Build | Lumber Camp |
| 4:21 | Create | Villager (Male) |
| 4:21 | Create | Villager (Male) |
| 4:22 | Create | Villager (Male) |
| 4:49 | Create | Villager (Male) |
| 4:50 | Create | Villager (Male) |
| 4:50 | Create | Villager (Male) |
| 5:16 | Create | Villager (Male) |
| 5:17 | Create | Villager (Male) |
| 5:42 | Create | Villager (Male) |
| 5:43 | Create | Villager (Male) |
| 5:43 | Create | Villager (Male) |
| 6:08 | Create | Villager (Male) |
| 6:09 | Create | Villager (Male) |
| 6:09 | Create | Villager (Male) |
| 6:39 | Build | House |
| 6:46 | Create | Villager (Male) |
| 6:46 | Create | Villager (Male) |
| 6:46 | Create | Villager (Male) |
| 6:46 | Create | Villager (Male) |
| 7:04 | Create | Villager (Male) |
| 7:05 | Create | Villager (Male) |
| 7:05 | Create | Villager (Male) |
| 7:05 | Create | Villager (Male) |
| 7:23 | Build | Mill |
| 7:45 | Create | Villager (Male) |
| 7:45 | Create | Villager (Male) |
| 7:45 | Create | Villager (Male) |
| 7:45 | Create | Villager (Male) |
| 8:01 | Create | Villager (Male) |
| 8:01 | Create | Villager (Male) |
| 8:01 | Create | Villager (Male) |
| 8:15 | Create | Villager (Male) |
| 8:46 | Create | Villager (Male) |
| 8:46 | Create | Villager (Male) |
| 8:47 | Create | Villager (Male) |
| 9:03 | Build | Mill |
| 9:05 | Create | Villager (Male) |
| 9:06 | Create | Villager (Male) |
| 9:50 | Create | Villager (Male) |
| 9:50 | Create | Villager (Male) |
| 10:06 | Create | Villager (Male) |
| 10:12 | Create | Villager (Male) |
| 10:18 | Build | House |
| 10:35 | Research | Feudal Age |
| 10:42 | Build | Mining Camp |
| 11:11 | Build | Mining Camp |
| 11:32 | Build | Lumber Camp |
| 12:13 | Create | Villager (Male) |
| 12:48 | Build | Market |
| 12:51 | Create | Villager (Male) |
| 13:03 | Build | Blacksmith |
| 13:27 | Create | Villager (Male) |
| 13:33 | Build | Gate |
| 14:16 | Research | Castle Age |
| 14:36 | Build | Stone Wall |
| 15:14 | Research | Double-Bit Axe |
| 15:44 | Build | House |
| 16:08 | Research | Gold Mining |
| 16:45 | Build | Town Center |
| 16:51 | Build | Monastery |
| 16:56 | Create | Villager (Male) |
| 16:58 | Create | Villager (Male) |
| 17:04 | Build | Town Center |
| 17:30 | Create | Monk |
| 17:38 | Research | Wheelbarrow |
| 18:01 | Build | Farm |
| 18:05 | Create | Monk |
| 18:15 | Create | Villager (Male) |
| 18:19 | Create | Villager (Male) |
| 18:20 | Create | Villager (Male) |
| 18:24 | Build | Farm |
| 18:48 | Build | Farm |
| 18:49 | Create | Villager (Male) |
| 19:03 | Build | Farm |
| 19:04 | Build | Farm |
| 19:18 | Build | Farm |
| 19:22 | Create | Villager (Male) |
| 19:23 | Create | Villager (Male) |
| 19:44 | Build | Stone Wall |
| 19:49 | Build | Gate |
| 19:56 | Create | Villager (Male) |
| 19:56 | Create | Villager (Male) |
| 19:56 | Create | Villager (Male) |
| 20:05 | Build | Farm |
| 20:08 | Create | Villager (Male) |
| 20:26 | Build | Farm |
| 20:27 | Build | Farm |
| 20:37 | Create | Villager (Male) |
| 20:37 | Create | Villager (Male) |
| 20:53 | Create | Villager (Male) |
| 20:53 | Create | Villager (Male) |
| 21:09 | Build | Town Center |
| 21:14 | Create | Villager (Male) |
| 21:15 | Create | Villager (Male) |
| 21:15 | Create | Villager (Male) |
| 21:35 | Create | Villager (Male) |
| 21:36 | Create | Villager (Male) |
| 21:46 | Create | Villager (Male) |
| 21:46 | Create | Villager (Male) |
| 22:01 | Create | Villager (Male) |
| 22:01 | Create | Villager (Male) |
| 22:05 | Build | Farm |
| 22:06 | Build | Farm |
| 22:09 | Build | Farm |
| 22:10 | Build | Farm |
| 22:24 | Create | Villager (Male) |
| 22:24 | Create | Villager (Male) |
| 22:24 | Create | Villager (Male) |
| 22:24 | Create | Villager (Male) |
| 22:34 | Create | Villager (Male) |
| 22:38 | Build | Farm |
| 22:39 | Build | Farm |
| 22:48 | Create | Villager (Male) |
| 22:48 | Create | Villager (Male) |
| 22:52 | Build | Farm |
| 23:03 | Build | Farm |
| 23:11 | Create | Villager (Male) |
| 23:11 | Create | Villager (Male) |
| 23:11 | Create | Villager (Male) |
| 23:21 | Create | Villager (Male) |
| 23:21 | Create | Villager (Male) |
| 23:23 | Create | Villager (Male) |
| 23:23 | Create | Villager (Male) |
| 23:34 | Create | Villager (Male) |
| 23:34 | Create | Villager (Male) |
| 23:34 | Create | Villager (Male) |
| 23:39 | Build | Farm |
| 23:40 | Build | Farm |
| 23:43 | Create | Villager (Male) |
| 23:43 | Create | Villager (Male) |
| 23:43 | Create | Villager (Male) |
| 23:49 | Build | House |
| 23:59 | Build | Farm |
Build order — Shadow Wolf
First 150 of 572 actions detected
| 0:06 | Build | House |
| 0:07 | Create | Villager (Male) |
| 0:07 | Create | Villager (Male) |
| 0:08 | Create | Villager (Male) |
| 0:09 | Build | House |
| 0:10 | Create | Villager (Male) |
| 0:34 | Build | Palisade Wall |
| 1:39 | Create | Villager (Male) |
| 1:54 | Build | Lumber Camp |
| 2:19 | Create | Villager (Male) |
| 2:47 | Create | Villager (Male) |
| 3:16 | Build | House |
| 3:26 | Create | Villager (Male) |
| 3:51 | Create | Villager (Male) |
| 3:51 | Create | Villager (Male) |
| 4:25 | Create | Villager (Male) |
| 4:56 | Create | Villager (Male) |
| 4:56 | Create | Villager (Male) |
| 5:41 | Create | Villager (Male) |
| 5:56 | Create | Villager (Male) |
| 6:11 | Create | Villager (Male) |
| 6:11 | Create | Villager (Male) |
| 6:11 | Create | Villager (Male) |
| 6:37 | Build | Mill |
| 6:45 | Create | Villager (Male) |
| 6:51 | Build | House |
| 8:14 | Create | Villager (Male) |
| 8:14 | Create | Villager (Male) |
| 8:14 | Create | Villager (Male) |
| 8:14 | Create | Villager (Male) |
| 8:22 | Create | Villager (Male) |
| 9:00 | Build | Mill |
| 9:28 | Build | Mining Camp |
| 9:31 | Research | Feudal Age |
| 9:48 | Create | Villager (Male) |
| 10:06 | Build | Mill |
| 10:17 | Build | House |
| 10:37 | Create | Villager (Male) |
| 10:37 | Create | Villager (Male) |
| 11:03 | Build | Farm |
| 11:03 | Build | Farm |
| 11:07 | Build | Farm |
| 11:10 | Build | Farm |
| 11:41 | Age | Feudal Age |
| 11:49 | Build | Market |
| 12:35 | Build | Farm |
| 12:35 | Create | Villager (Male) |
| 12:45 | Build | Blacksmith |
| 13:01 | Create | Villager (Male) |
| 13:20 | Create | Villager (Male) |
| 13:25 | Build | Farm |
| 13:28 | Create | Villager (Male) |
| 13:39 | Build | House |
| 14:11 | Create | Villager (Male) |
| 14:23 | Research | Castle Age |
| 14:36 | Research | Double-Bit Axe |
| 14:57 | Research | Horse Collar |
| 15:26 | Create | Villager (Male) |
| 15:26 | Create | Villager (Male) |
| 16:03 | Build | Mining Camp |
| 16:37 | Build | Farm |
| 16:40 | Build | Farm |
| 17:04 | Age | Castle Age |
| 17:09 | Build | Barracks |
| 17:12 | Create | Villager (Male) |
| 17:18 | Research | Wheelbarrow |
| 17:22 | Research | Bow Saw |
| 17:26 | Research | Heavy Plow |
| 17:35 | Build | Farm |
| 17:59 | Build | House |
| 18:00 | Build | House |
| 18:15 | Build | Stable |
| 18:20 | Create | Villager (Male) |
| 18:28 | Create | Villager (Male) |
| 18:38 | Build | Farm |
| 18:43 | Build | Farm |
| 18:46 | Build | Farm |
| 19:10 | Research | Husbandry |
| 19:25 | Create | Knight |
| 19:26 | Create | Knight |
| 19:26 | Create | Knight |
| 19:32 | Create | Villager (Male) |
| 20:05 | Build | Town Center |
| 20:10 | Create | Villager (Male) |
| 20:23 | Research | Bloodlines |
| 20:25 | Create | Villager (Male) |
| 20:31 | Build | Farm |
| 20:53 | Create | Villager (Male) |
| 21:17 | Build | Town Center |
| 21:20 | Create | Knight |
| 21:20 | Create | Knight |
| 21:20 | Create | Knight |
| 21:21 | Create | Knight |
| 21:25 | Create | Villager (Male) |
| 21:30 | Create | Villager (Male) |
| 21:37 | Build | Farm |
| 21:41 | Build | Farm |
| 21:59 | Build | Farm |
| 22:00 | Create | Villager (Male) |
| 22:00 | Create | Villager (Male) |
| 22:24 | Build | Farm |
| 22:25 | Create | Villager (Male) |
| 22:35 | Build | Farm |
| 22:39 | Create | Villager (Male) |
| 22:39 | Create | Villager (Male) |
| 23:02 | Create | Villager (Male) |
| 23:02 | Create | Villager (Male) |
| 23:06 | Build | Farm |
| 23:06 | Create | Villager (Male) |
| 23:07 | Create | Villager (Male) |
| 23:14 | Create | Villager (Male) |
| 23:14 | Create | Villager (Male) |
| 23:19 | Build | Farm |
| 23:25 | Build | Farm |
| 23:27 | Create | Villager (Male) |
| 23:27 | Create | Villager (Male) |
| 23:41 | Create | Villager (Male) |
| 23:44 | Create | Villager (Male) |
| 23:51 | Build | Lumber Camp |
| 23:56 | Build | House |
| 24:09 | Create | Villager (Male) |
| 24:11 | Create | Villager (Male) |
| 24:11 | Create | Villager (Male) |
| 24:17 | Create | Villager (Male) |
| 24:33 | Build | Town Center |
| 24:37 | Create | Villager (Male) |
| 24:37 | Create | Villager (Male) |
| 24:44 | Create | Villager (Male) |
| 24:44 | Create | Villager (Male) |
| 24:48 | Build | Farm |
| 24:53 | Build | House |
| 24:54 | Build | House |
| 24:55 | Build | House |
| 24:56 | Build | House |
| 24:57 | Build | House |
| 25:02 | Build | Farm |
| 25:02 | Build | Farm |
| 25:03 | Build | Farm |
| 25:04 | Build | Farm |
| 25:10 | Create | Villager (Male) |
| 25:16 | Create | Villager (Male) |
| 25:16 | Create | Villager (Male) |
| 25:18 | Create | Villager (Male) |
| 25:20 | Create | Villager (Male) |
| 25:21 | Create | Villager (Male) |
| 25:28 | Create | Villager (Male) |
| 25:37 | Build | Farm |
| 25:38 | Build | Farm |
| 25:38 | Build | Farm |
| 25:47 | Create | Villager (Male) |
Match timeline
| 0:34 | Shadow Wolf · wall_segment Palisade Wall x15 |
| 0:53 | shutianchen · wall_segment Palisade Wall x7 |
| 1:00 | The Outpost Man · wall_segment Palisade Wall x13 |
| 1:43 | Philippe6390 · wall_segment Palisade Wall x6 |
| 1:54 | shutianchen · wall_segment Palisade Wall x9 |
| 2:07 | Philippe6390 · wall_segment Palisade Wall x5 |
| 2:21 | little4 · wall_segment Palisade Wall x1 |
| 2:31 | little4 · wall_segment Palisade Wall x9 |
| 2:45 | little4 · wall_segment Palisade Wall x15 |
| 3:04 | Lamlam · wall_segment Palisade Wall x8 |
| 3:34 | Philippe6390 · wall_segment Palisade Wall x8 |
| 3:59 | Lamlam · wall_segment Palisade Wall x11 |
| 4:48 | Lamlam · wall_segment Palisade Wall x2 |
| 10:07 | b02303133 · age_up feudal |
| 11:41 | Shadow Wolf · age_up feudal |
| 11:52 | Founias · first_building Barracks |
| 12:33 | shutianchen · age_up feudal |
| 12:41 | Lamlam · age_up feudal |
| 12:55 | Founias · age_up feudal |
| 13:06 | The Outpost Man · age_up feudal |
| 13:09 | shutianchen · wall_segment Stone Wall x7 |
| 13:09 | b02303133 · first_building Barracks |
| 13:27 | shutianchen · wall_segment Stone Wall x6 |
| 13:32 | Lamlam · wall_segment Stone Wall x13 |
| 13:42 | The Outpost Man · wall_segment Stone Wall x14 |
| 13:59 | little4 · age_up feudal |
| 14:06 | little4 · wall_segment Stone Wall x11 |
| 14:15 | little4 · wall_segment Stone Wall x3 |
| 14:28 | b02303133 · age_up castle |
| 14:36 | Philippe6390 · wall_segment Stone Wall x9 |
| 14:42 | b02303133 · first_building Monastery |
| 16:03 | little4 · wall_segment Stone Wall x13 |
| 16:16 | Lamlam · wall_segment Stone Wall x2 |
| 16:43 | Lamlam · age_up castle |
| 16:51 | Philippe6390 · first_building Monastery |
| 17:04 | Shadow Wolf · age_up castle |
| 17:09 | Shadow Wolf · first_building Barracks |
| 17:11 | The Outpost Man · first_market_buy 100 food |
| 17:13 | Lamlam · first_building Siege Workshop |
| 17:43 | Lamlam · wall_segment Stone Wall x11 |
| 18:06 | The Outpost Man · age_up castle |
| 18:11 | little4 · age_up castle |
| 18:15 | Shadow Wolf · first_building Stable |
| 18:16 | little4 · first_building Siege Workshop |
| 18:23 | The Outpost Man · first_building Siege Workshop |
| 18:35 | The Outpost Man · first_building Monastery |
| 19:04 | Lamlam · wall_segment Stone Wall x6 |
| 19:36 | little4 · wall_segment Stone Wall x16 |
| 19:44 | Philippe6390 · wall_segment Stone Wall x15 |
| 19:48 | shutianchen · age_up castle |
| 19:49 | Founias · age_up castle |
| 21:01 | Lamlam · first_building Barracks |
| 21:05 | The Outpost Man · first_building Castle |
| 22:20 | Lamlam · first_building Archery Range |
| 22:37 | little4 · first_building Monastery |
| 23:49 | Founias · first_building Siege Workshop |
| 24:16 | Founias · first_building Monastery |
| 24:33 | little4 · wall_segment Stone Wall x18 |
| 25:34 | shutianchen · first_building Castle |
| 25:56 | Founias · first_market_sell 500 wood |
| 26:02 | Shadow Wolf · first_building Monastery |
| 27:47 | Philippe6390 · wall_segment Stone Wall x14 |
| 28:24 | Philippe6390 · wall_segment Stone Wall x11 |
| 28:24 | Founias · first_building Castle |
| 28:42 | Philippe6390 · first_building Castle |
| 28:58 | little4 · wall_segment Stone Wall x2 |
| 29:04 | b02303133 · first_building Castle |
| 29:50 | Lamlam · first_market_sell 100 wood |
| 30:10 | little4 · first_building Barracks |
| 30:13 | Founias · age_up imperial |
| 30:27 | Philippe6390 · wall_segment Stone Wall x10 |
| 31:13 | Philippe6390 · wall_segment Stone Wall x13 |
| 31:34 | b02303133 · first_building Archery Range |
| 31:36 | b02303133 · first_building Stable |
| 32:04 | Founias · wall_segment Stone Wall x19 |
| 32:09 | The Outpost Man · wall_segment Stone Wall x6 |
| 32:10 | shutianchen · age_up imperial |
| 32:17 | The Outpost Man · wall_segment Stone Wall x4 |
| 32:48 | The Outpost Man · first_building Barracks |
| 32:53 | Lamlam · first_building Stable |
| 33:07 | Philippe6390 · first_building Siege Workshop |
| 33:10 | The Outpost Man · age_up imperial |
| 33:13 | Philippe6390 · first_building Barracks |
| 33:31 | little4 · first_building Stable |
| 33:38 | Shadow Wolf · first_building Siege Workshop |
| 33:41 | Founias · wall_segment Stone Wall x1 |
| 33:41 | Shadow Wolf · first_building Archery Range |
| 33:43 | little4 · first_building Castle |
| 33:53 | Shadow Wolf · age_up imperial |
| 33:56 | The Outpost Man · first_market_sell 100 wood |
| 34:07 | Lamlam · age_up imperial |
| 35:00 | Shadow Wolf · first_building Castle |
| 35:01 | shutianchen · first_building Stable |
| 35:21 | Philippe6390 · first_building Archery Range |
| 35:22 | Lamlam · first_building Castle |
| 35:48 | b02303133 · age_up imperial |
| 35:59 | b02303133 · wall_segment Stone Wall x6 |
| 36:06 | little4 · age_up imperial |
| 37:21 | Lamlam · tribute_sent a jugador 1 |
| 37:21 | Lamlam · tribute_sent a jugador 2 |
| 37:21 | Lamlam · tribute_sent a jugador 3 |
| 37:21 | Lamlam · tribute_sent a jugador 4 |
| 37:21 | Lamlam · tribute_sent a jugador 5 |
| 37:21 | Lamlam · tribute_sent a jugador 7 |
| 37:21 | Lamlam · tribute_sent a jugador 8 |
| 37:51 | Lamlam · tribute_sent a jugador 1 |
| 37:51 | Lamlam · tribute_sent a jugador 2 |
| 37:51 | Lamlam · tribute_sent a jugador 3 |
| 37:51 | Lamlam · tribute_sent a jugador 4 |
| 37:51 | Lamlam · tribute_sent a jugador 5 |
| 37:51 | Lamlam · tribute_sent a jugador 7 |
| 37:51 | Lamlam · tribute_sent a jugador 8 |
| 38:48 | little4 · wall_segment Stone Wall x12 |
| 39:13 | b02303133 · first_market_sell 100 food |
| 39:28 | little4 · wall_segment Stone Wall x16 |
| 39:55 | b02303133 · wall_segment Stone Wall x11 |
| 40:29 | little4 · first_market_sell 100 wood |
| 40:55 | Philippe6390 · wall_segment Stone Wall x19 |
| 41:15 | Founias · first_market_buy 100 wood |
| 42:01 | Founias · wall_segment Stone Wall x12 |
| 43:44 | shutianchen · first_building Barracks |
| 45:11 | little4 · wall_segment Stone Wall x5 |
| 48:34 | Lamlam · tribute_sent a jugador 1 |
| 48:34 | Lamlam · tribute_sent a jugador 2 |
| 48:34 | Lamlam · tribute_sent a jugador 3 |
| 48:34 | Lamlam · tribute_sent a jugador 4 |
| 48:34 | Lamlam · tribute_sent a jugador 5 |
| 48:34 | Lamlam · tribute_sent a jugador 7 |
| 48:34 | Lamlam · tribute_sent a jugador 8 |
| 49:33 | Shadow Wolf · first_market_sell 100 wood |
| 51:45 | shutianchen · first_market_sell 100 stone |
| 52:19 | Shadow Wolf · resign |
[ AI ANALYSIS · 1 CREDIT ]
What really happened in this match?
Wolo.gg analyzes every decision: build order, eco, micro, common mistakes by bracket. Personalized analysis on WhatsApp or Discord in 30 seconds.
Civ guide
Celts
Perfil
Jugador #2896109